 Dungeon Crawl Stone Soup version 0.28-a0-991-g956f0ee3d5 (webtiles) character file.

Game seed: 17436640496178653199

466 Majang the Chopper (level 7, -7/60 HPs)
             Began as a Ghoul Gladiator on Dec 5, 2021.
             Mangled by an ogre (23 damage)
             ... on level 3 of the Dungeon.
             The game lasted 00:10:49 (2518 turns).

Majang the Chopper (Ghoul Gladiator)                Turns: 2518, Time: 00:10:51

Health: -7/60      AC:  9    Str: 20    XL:     7   Next: 8%
Magic:  6/6        EV:  8    Int:  3    God:
Gold:   139        SH:  0    Dex: 10    Spells: 6/6 levels left

rFire   . . .      SeeInvis .   a - +0 war axe
rCold   + + .      Faith    .   (no shield)
rNeg    + + +      Spirit   .   s - +0 chain mail
rPois   ∞          Reflect  .   c - +0 helmet
rElec   .          Harm     .   (no cloak)
rCorr   .          Rampage  .   (no gloves)
Will    .....                   (no boots)
Stlth   ..........              (no amulet)
HPRegen 0.00/turn               g - +4 ring of slaying
MPRegen 0.10/turn               m - ring of protection from cold

@: inhibited regen
A: claws 1, cold resistance 1, negative energy resistance 3, inhibited
regeneration, torment resistance 2
a: no special abilities


You were on level 3 of the Dungeon.
You visited 1 branch of the dungeon, and saw 3 of its levels.

You collected 139 gold pieces.

Inventory:

Hand Weapons
 a - a +0 war axe (weapon)
 r - a +0 morningstar
Missiles
 d - 4 throwing nets (quivered)
 l - 12 poisoned darts
Armour
 c - a +0 helmet (worn)
 h - a +0 ring mail
 n - a +0 buckler
 o - a +0 scale mail
 s - a +0 chain mail (worn)
Jewellery
 g - a +4 ring of slaying (left claw)
 m - a ring of protection from cold (right claw)
Wands
 t - a wand of paralysis (4)
Scrolls
 e - 3 scrolls of teleportation {unknown}
 f - 2 scrolls of magic mapping {unknown}
 j - a scroll of enchant weapon {unknown}
 k - a scroll of torment {unknown}
 p - a scroll of silence {unknown}
 q - a scroll of amnesia {unknown}
Potions
 b - a potion of resistance {unknown}
 i - a potion of curing {unknown}


   Skills:
 + Level 4.8 Fighting
 * Level 5.7 Axes
 + Level 2.0 Throwing
 + Level 0.7 Armour
 + Level 2.8 Dodging


You had 6 spell levels left.
You didn't know any spells.
Your spell library was empty.

Dungeon Overview and Level Annotations

Branches:
Dungeon (3/15)

Altars:

Shops:
D:3 ==[


Innate Abilities, Weirdness & Mutations

You thrive by killing the living.
You are immune to poison.
You have sharp fingernails.
Your flesh is cold resistant. (rC+)
You are immune to negative energy. (rN+++)
You do not regenerate when monsters are visible.
You are immune to unholy pain and torment.


Message History

There is an open door here.
The gnoll shouts!
You hear a shout! x3; The orc priest shouts!
The gnoll shouts!
An ogre comes into view. It is wielding a +0 giant spiked club.
An orc comes into view. It is wielding a +0 short sword.
The gnoll barely misses you.
The orc shouts!
You hear a shout!
The gnoll closely misses you.
The gnoll hits you from afar with a +0 spear. x2
You closely miss the orc priest. You hit the orc.
The gnoll hits you but does no damage.
The orc priest hits you but does no damage.
The orc barely misses you. The gnoll closely misses you.
The gnoll hits you from afar with a +0 spear.
You completely miss the orc priest. You slash the orc!
You kill the orc!
The orc priest hits you with a +0 whip.
The gnoll hits you but does no damage. x2
The orc priest barely misses you.
You slash the orc priest!
The orc priest is almost dead.
You slash the ogre!
The gnoll hits you but does no damage. x2
The ogre closely misses you. The orc priest closely misses you.
The gnoll hits you but does no damage.
You hit the orc priest.
You kill the orc priest!
You barely miss the ogre.
The gnoll hits you from afar with a +0 spear.
The ogre hits you with a +0 giant spiked club!!
The gnoll hits you but does no damage.
An orc comes into view. It is wielding a +0 club.
The orc shouts!
You hear a shout!
The gnoll hits you from afar with a +0 spear.
The gnoll closely misses you. The ogre barely misses you.
You hit the gnoll but do no damage. You slash the ogre!
The gnoll hits you from afar with a +0 spear.
The gnoll hits you with a +0 spear.
The gnoll hits you from afar with a +0 spear.
* * * LOW HITPOINT WARNING * * *
The ogre hits you with a +0 giant spiked club!!
You die...

≈≈≈≈≈≈≈≈≈≈≈≈≈≈≈#####≈≈....#
...............#...#≈≈....#
################...#≈≈....#
.'. #'###≈≈....# #o.
#.#.≈≈≈....# #...
#.#.≈≈≈....#
##o###)#.≈≈≈....#
#....O.#.≈≈≈....#
#...g.@#.≈≈≈..P.#
################g#.≈≈≈....#
...#...........#.#.≈≈≈....#
...'...........'.#.≈≈≈....#
.))#...........#'###≈≈....#
'''#############...#≈≈P...#
...............#...#≈≈....#
...≈≈≈≈≈≈≈≈≈≈≈≈#####≈≈....#
...≈≈≈≈≈≈≈≈≈≈≈≈≈≈≈≈≈≈≈....#


You could see an ogre, 2 gnolls and 2 orcs.

Vanquished Creatures
  An ogre (D:3)
  A howler monkey (D:3)
  An orc priest (D:3)
  2 hounds (D:3)
  An iguana (D:2)
  9 gnolls (D:3)
  5 adders
  2 dart slugs
  A worm (D:2)
  18 orcs (D:3)
  3 endoplasms
  A giant cockroach (D:1)
  4 goblins
  3 hobgoblins
  11 jackals (D:3)
  2 kobolds (D:2)
  3 quokkas
  5 ball pythons
  12 bats
  A frilled lizard (D:3)
  5 rats
91 creatures vanquished.

Vanquished Creatures (others)
  A fungus (D:3)
  4 plants (D:2)
5 creatures vanquished.

Grand Total: 96 creatures vanquished

Notes
Turn   | Place    | Note
-------+----------+-------------------------------------------
     0 | D:1      | Majang the Ghoul Gladiator began the quest for the Orb.
     0 | D:1      | Reached XP level 1. HP: 17/17 MP: 0/0
   265 | D:1      | Reached skill level 3 in Axes
   289 | D:1      | Reached XP level 2. HP: 25/25 MP: 1/1
   563 | D:1      | Found Agingiosill's Assorted Antiques.
   848 | D:2      | Reached XP level 3. HP: 28/30 MP: 2/2
  1172 | D:2      | Reached skill level 4 in Axes
  1172 | D:2      | Reached XP level 4. HP: 27/38 MP: 3/3
  1826 | D:3      | Found Ussookh's Armour Shoppe.
  1828 | D:3      | Noticed an ogre
  1832 | D:3      | Killed an ogre
  1833 | D:3      | Reached XP level 5. HP: 46/46 MP: 4/4
  1837 | D:3      | Found Pingam's Jewellery Emporium.
  1875 | D:3      | Reached skill level 5 in Axes
  1975 | D:3      | Reached XP level 6. HP: 49/52 MP: 5/5
  2019 | D:3      | Found a faded altar of an unknown god.
  2073 | D:3      | Found Beas's Jewellery Emporium.
  2491 | D:3      | Reached XP level 7. HP: 60/60 MP: 6/6
  2518 | D:3      | Mangled by an ogre

Illustrated notes

Levels and vault maps discovered:
D:1:      minmay_arrival_shoal_huts, layout_basic, serial_shops, shop
D:2:      layout_rooms, serial_bayou_pond_c
D:3:      lemuel_castle_with_subvaults [lemuel_castle_interior_carwin_1],
          layout_basic, serial_shops, shop, shop_fountains, shop, shop,
          chequers_ecumenical_altar_twisty, serial_co_window_serial,
          co_window_corner_a, co_window_paths_a, co_window_paths_a,
          co_window_corner_a, co_window_of_opportunity_a,
          co_window_of_opportunity_b, co_window_broadway_b, co_window_cross_2,
          co_window_2corner, co_window_corner_b, co_window_unsneaky_path_c,
          glass_columns_b, glass_columns_c, glass_columns_c, glass_columns_a,
          minmay_shallow_snake_nest

Skill      XL: |  1  2  3  4  5  6 |
---------------+-------------------+-----
Axes           | 3 4 5 |  5.7
Fighting       | 3 4 |  4.8
Throwing       | 2 |  2.0
Armour         | |  0.7
Dodging        | |  2.8

Action                   |  1- 3 |  4- 6 |  7- 9 || total
-------------------------+-------+-------+-------++-------
Melee: War axe           |    77 |   138 |     6 ||   221
Throw: Throwing net      |     2 |     1 |       ||     3
Armor: Leather armour    |    12 |       |       ||    12
       Ring mail         |    11 |    26 |       ||    37
       Scale mail        |       |    30 |       ||    30
       Chain mail        |       |     4 |     8 ||    12
Dodge: Dodged            |    45 |    67 |     9 ||   121

Table legend: (Time is in decaauts)
 A = Elapsed time spent in this place.
 B = Non-inter-level travel time spent in this place.
 C = Inter-level travel time spent in this place.
 D = Time resting spent in this place.
 E = Time spent auto-exploring this place.
 F = Levels seen in this place.
 G = Mean time per level.
                   A        B        C        D        E       F      G
               +--------+--------+--------+--------+--------+-----+--------+
         Total |   2584 |   2529 |     55 |    436 |   1345 |   3 |  861.3 |
       Dungeon |   2584 |   2529 |     55 |    436 |   1345 |   3 |  861.3 |
               +--------+--------+--------+--------+--------+-----+--------+

Top non-repeatable levels by time:
     D:3: 1078 daAuts
     D:1: 833 daAuts
     D:2: 672 daAuts
